 Dungeon Crawl Stone Soup version 0.29-a0-653-gd47aff6735 (webtiles) character file.

Game seed: 13918025649307374592

3262 ytrimaz the Basher (level 10, -7/82 HPs)
             Began as a Formicid Fighter on June 21, 2022.
             Mangled by Joseph
             ... wielding a +0 quarterstaff of speed
              (9 damage)
             ... on level 7 of the Dungeon.
             The game lasted 00:10:04 (8735 turns).

ytrimaz the Basher (Formicid Fighter)               Turns: 8735, Time: 00:10:05

Health: -7/82      AC: 13    Str: 26    XL:     10   Next: 19%
Magic:  10/10      EV:  8    Int:  7    God:
Gold:   390        SH:  0    Dex: 19    Spells: 9/9 levels left

rFire   . . .      SeeInvis +   B - +0 giant club
rCold   . . .      Faith    .   (shield currently unavailable)
rNeg    . . .      Spirit   .   y - +0 chain mail
rPois   +          Reflect  .   (helmet unavailable)
rElec   .          Harm     .   (no cloak)
rCorr   .          Rampage  .   o - +0 pair of gloves
Will    +....                   v - +0 pair of boots
Stlth   ..........              t - amulet of magic regeneration
HPRegen 0.23/turn               i - ring of poison resistance
MPRegen 0.52/turn               j - +6 ring of dexterity

@: mighty
A: permanent stasis, dig shafts and tunnels, antennae 3, four strong arms
a: Dig, Shaft Self


You were on level 7 of the Dungeon.
You visited 2 branches of the dungeon, and saw 8 of its levels.

You collected 390 gold pieces.

Inventory:

Hand Weapons
 a - a +1 flail of freezing
 B - a +0 giant club (weapon)
 E - a +2 dire flail of holy wrath
Missiles
 w - a throwing net
Armour
 c - a +1 buckler
 o - a +0 pair of gloves (worn)
 v - a +0 pair of boots (worn)
 y - a +0 chain mail (worn)
 D - +0 steam dragon scales
Jewellery
 i - a ring of poison resistance (left hand)
 j - a +6 ring of dexterity (right hand)
 l - a ring of flight
 r - a ring of ice
 t - an amulet of magic regeneration (around neck)
Wands
 k - a wand of polymorph (16)
 x - a wand of iceblast (9)
 C - a wand of paralysis (5)
 F - a wand of flame (19)
Scrolls
 f - 3 scrolls of enchant armour
 p - a scroll of amnesia
 u - 3 scrolls of fog
 A - a scroll of poison
Potions
 b - 2 potions of flight {unknown}
 d - a potion of might
 e - a potion of mutation
 g - 4 potions of curing
 h - a potion of cancellation
 m - 2 potions of lignification
 n - a potion of invisibility {unknown}
 q - 2 potions of brilliance
 s - 2 potions of heal wounds
 z - a potion of degeneration {unknown}


   Skills:
 + Level 8.6 Fighting
 - Level 10.1 Maces & Flails
 + Level 7.6 Armour
 - Level 4.0 Shields


You had 9 spell levels left.
You didn't know any spells.
Your spell library contained the following spells:

 Spells                   Type           Power      Damage    Failure   Level
 Magic Dart               Conj           0%         1d3       94%         1
 Sting                    Tmut/Pois      0%         1d3       94%         1
 Ensorcelled Hibernation  Hex/Ice        0%         N/A       98%         2
 Passwall                 Tmut/Erth      0%         N/A       98%         2
 Poisonous Vapours        Pois/Air       0%         N/A       98%         2
 Searing Ray              Conj           0%         2d4       98%         2
 Spider Form              Tmut/Pois      0%         N/A       100%        3
 Anguish                  Hex/Necr       0%         N/A       100%        4
 Fulminant Prism          Conj/Hex       0%         3d6       100%        4
 Olgreb's Toxic Radiance  Pois           0%         N/A       100%        4
 Swiftness                Air            Unusable   N/A       N/A         3

Dungeon Overview and Level Annotations

Branches:
Dungeon (7/15)             Temple (1/1) D:6

Altars:
Ashenzari
Cheibriados
Dithmenos
Elyvilon
Fedhas
Gozag
Hepliaklqana
Kikubaaqudgha
Makhleb
Sif Muna
Trog
Uskayaw
Vehumet
Wu Jian
Xom
Zin

Shops:
D:5 *

Annotations:
D:5 3 runed translucent doors, DocClef's ghost, weakling DrDe; chrisa4242's ghost, novice HOFi; samgaumpmail's ghost, novice TrHW
D:7 Joseph


Innate Abilities, Weirdness & Mutations

You cannot be hasted, slowed, berserked, paralysed or teleported.
You can dig through walls and to a lower floor.
You have a pair of large antennae on your head. (SInv)
Your four strong arms can wield two-handed weapons with a shield.


Message History

The sling bullet hits you! The orc hits you but does no damage.
Items here: ! )))) ? [[ †††.
You barely miss the orc. The orc closely misses you. The orc barely misses you.
You bludgeon the orc!!
You kill the orc!
Joseph shoots a sling bullet.
The sling bullet hits you but does no damage.
Joseph unwields a +0 hunting sling.
Joseph wields a +0 quarterstaff of speed.
Joseph hits you with a +0 quarterstaff of speed.
There is an open door, spattered with blood here.
Items here: )) [[ †.
You barely miss Joseph.
Joseph hits you with a +0 quarterstaff of speed.
Joseph hits you but does no damage.
You thump Joseph!
Joseph is lightly wounded.
Joseph hits you but does no damage.
Joseph hits you with a +0 quarterstaff of speed.
You hit Joseph.
Joseph is moderately wounded.
Joseph hits you with a +0 quarterstaff of speed!
You barely miss Joseph.
Joseph is moderately wounded.
Joseph barely misses you.
Joseph hits you with a +0 quarterstaff of speed!
* * * LOW HITPOINT WARNING * * *
You barely miss Joseph.
Joseph is lightly wounded.
Joseph hits you with a +0 quarterstaff of speed!
* * * LOW HITPOINT WARNING * * *
Joseph hits you with a +0 quarterstaff of speed!
* * * LOW HITPOINT WARNING * * *
You barely miss Joseph.
Joseph is lightly wounded.
Joseph hits you with a +0 quarterstaff of speed.
* * * LOW HITPOINT WARNING * * *
Joseph hits you with a +0 quarterstaff of speed!
You die...

######## #..<...######
####### #...........#
.......
###...........###.......
#.'............)@@......
#.#...........###.......
#.#......###### .......
#.######## ....... #.#
####### #.# #.....#
#.##### #.....# ......#
#.....# ......# #.....#


You could see Joseph (resistant).

Vanquished Creatures
  Maggie (D:6)
  Sigmund (D:6)
  3 yaks (D:7)
  Edmund (D:6)
  Duvessa (D:6)
  2 water moccasins (D:7)
  An orc warrior (D:7)
  2 black bears (D:6)
  An ogre (D:7)
  4 centaurs
  A kobold brigand (D:6)
  3 necrophages
  2 scorpions
  Dowan (D:6)
  A howler monkey (D:5)
  A crimson imp (D:4)
  5 hounds
  A jelly (D:6)
  2 gnoll shamans (D:7)
  4 iguanas
  6 orc wizards
  12 gnolls
  8 adders
  A white imp (D:6)
  An ufetubus (D:6)
  2 worms
  4 dart slugs
  16 orcs
  5 endoplasms
  4 giant cockroaches
  7 goblins
  10 hobgoblins
  8 jackals
  9 kobolds
  4 quokkas
  11 ball pythons
  7 bats
  A frilled lizard (D:1)
  6 rats
160 creatures vanquished.

Notes
Turn   | Place    | Note
-------+----------+-------------------------------------------
     0 | D:1      | ytrimaz the Formicid Fighter began the quest for the Orb.
     0 | D:1      | Reached XP level 1. HP: 18/18 MP: 1/1
   177 | D:1      | Reached XP level 2. HP: 24/24 MP: 2/2
   237 | D:1      | Reached skill level 3 in Maces & Flails
   266 | D:1      | Reached XP level 3. HP: 24/29 MP: 3/3
  1477 | D:2      | Reached skill level 4 in Maces & Flails
  1477 | D:2      | Reached XP level 4. HP: 35/35 MP: 4/4
  1719 | D:2      | Found an ornate altar of the Wu Jian Council.
  2021 | D:2      | Reached XP level 5. HP: 38/41 MP: 5/5
  2350 | D:2      | Found a faded altar of an unknown god.
  2931 | D:3      | Reached skill level 5 in Maces & Flails
  3118 | D:3      | Found an ornate altar of the Wu Jian Council.
  3659 | D:4      | Reached XP level 6. HP: 20/47 MP: 6/6
  3925 | D:4      | Reached skill level 6 in Maces & Flails
  4328 | D:4      | Reached skill level 7 in Maces & Flails
  4328 | D:4      | Reached XP level 7. HP: 34/52 MP: 7/7
  4586 | D:4      | Found a burning altar of Makhleb.
  4586 | D:4      | Found a shimmering altar of Xom.
  4713 | D:5      | Entered Level 5 of the Dungeon
  4831 | D:5      | Found a runed translucent gate.
  4831 | D:5      | Found a runed translucent gate.
  4831 | D:5      | Found a runed translucent gate.
  4832 | D:5      | Noticed samgaumpmail's ghost (novice TrHW)
  4832 | D:5      | Noticed chrisa4242's ghost (novice HOFi)
  4832 | D:5      | Noticed DocClef's ghost (weakling DrDe)
  4854 | D:5      | Reached skill level 8 in Maces & Flails
  4857 | D:5      | Found Xuppacio's General Store.
  4994 | D:5      | Reached XP level 8. HP: 51/58 MP: 8/8
  5287 | D:5      | Reached skill level 9 in Maces & Flails
  5452 | D:5      | Found a hazy altar of Hepliaklqana.
  5998 | D:6      | Noticed Sigmund
  6019 | D:6      | Killed Sigmund
  6020 | D:6      | Reached skill level 10 in Maces & Flails
  6254 | D:6      | Found a staircase to the Ecumenical Temple.
  6298 | Temple   | Entered the Ecumenical Temple
  6558 | D:6      | Noticed Maggie
  6566 | D:6      | Killed Maggie
  6567 | D:6      | Reached skill level 5 in Armour
  6567 | D:6      | Reached XP level 9. HP: 37/67 MP: 9/9
  6841 | D:6      | Found a glowing silver altar of Zin.
  6841 | D:6      | Noticed Edmund
  6859 | D:6      | Killed Edmund
  6860 | D:6      | Reached skill level 5 in Fighting
  7517 | D:6      | Noticed Duvessa
  7517 | D:6      | Noticed Dowan
  7523 | D:6      | Killed Duvessa
  7528 | D:6      | Killed Dowan
  7867 | D:7      | Reached XP level 10. HP: 49/80 MP: 10/10
  8717 | D:7      | Noticed Joseph
  8734 | D:7      | HP: 3/82 [Joseph/+0 quarterstaff of speed (7)]
  8735 | D:7      | Mangled by Joseph

Illustrated notes

Levels and vault maps discovered:
D:1:      minmay_arrival_pointy, layout_basic, minmay_close_crescents
D:2:      cheibrodos_old_hovel, layout_basic, basic_altar,
          basic_ecumenical_altar, minivault_26, minmay_fractal_squares_gapless_5
D:3:      layout_basic, pdpol_wu_jian_five_deadly_venoms
D:4:      layout_basic, grunt_temple_overflow_champion_of_chaos,
          cheibrodos_gnoll_hut
D:5:      layout_rooms, lemuel_round_altar, serial_shops, nicolae_shop_trees,
          gammafunk_ghost_cemetery
D:6:      layout_cave_pods, lemuel_round_altar,
          minmay_temple_entry_statues_pillars, minmay_misc_feat_encased,
          uniq_duvessa, uniq_sigmund, uniq_edmund, uniq_maggie
D:7:      layout_basic, dreamdust_gnoll_shepherd, uniq_joseph
Temple:   minmay_freezing_vapour_temple

Skill      XL: |  1  2  3  4  5  6  7  8  9 10 |
---------------+-------------------------------+-----
Maces & Flails | 3 4 5 7 8 10 | 10.1
Armour         | 5 6 7 |  7.6
Fighting       | 4 7 8 |  8.6
Shields        | |  4.0

Action                   |  1- 3 |  4- 6 |  7- 9 | 10-12 || total
-------------------------+-------+-------+-------+-------++-------
Melee: Flail             |    94 |   166 |   118 |       ||   378
       Giant club        |       |       |    93 |    31 ||   124
 Abil: Dig               |     1 |     1 |       |       ||     2
  Use: Scroll            |     4 |    10 |     2 |     1 ||    17
       Potion            |       |       |     3 |     1 ||     4
Armor: Scale mail        |    52 |    61 |    66 |       ||   179
       Steam dragon scal |       |       |    30 |       ||    30
       Chain mail        |       |       |    12 |    12 ||    24
       Skin              |       |       |     9 |       ||     9
Dodge: Dodged            |    46 |    66 |   100 |    14 ||   226
Block: Buckler           |    28 |    47 |    38 |       ||   113

Table legend: (Time is in decaauts)
 A = Elapsed time spent in this place.
 B = Non-inter-level travel time spent in this place.
 C = Inter-level travel time spent in this place.
 D = Time resting spent in this place.
 E = Time spent auto-exploring this place.
 F = Levels seen in this place.
 G = Mean time per level.
                   A        B        C        D        E       F      G
               +--------+--------+--------+--------+--------+-----+--------+
         Total |   8792 |   8658 |    134 |   1391 |   5744 |   8 | 1099.0 |
       Dungeon |   8548 |   8414 |    134 |   1151 |   5744 |   7 | 1221.1 |
        Temple |    243 |    243 |      0 |    240 |      0 |   1 |  243.0 |
               +--------+--------+--------+--------+--------+-----+--------+

Top non-repeatable levels by time:
     D:6: 1635 daAuts
     D:2: 1381 daAuts
     D:4: 1354 daAuts
     D:1: 1224 daAuts
     D:7: 1109 daAuts
     D:5: 1041 daAuts
     D:3: 803 daAuts
  Temple: 243 daAuts
